Cogmind - Beta 17.1 @@@ ROGUE MODE // 2026.08.25 @ 18:25:29 Player: naththebg Result: Destroyed by G-34 Mercenary with Small Laser Performance ------------- Evolutions (0) 0 Regions Visited (2) 400 Robots Destroyed (33) 165 Value Destroyed (822) 822 Prototype IDs (3) 60 Alien Tech Used (0) 0 Bonus (8000) 8000 TOTAL SCORE: 9447 Bonus ------- Prayed to X0-1V1 5000 Major X0-1V1 Interference 3000 Cogmind --------- Core Integrity 0/250 Matter 110/300 Energy 99/100 System Corruption 0% Temperature Cool (6) Movement Core (450) Ox8 Location -10/Subcaves Parts ------- > --- POWER (1) -------- (None) > --- PROPULSION (2) --- (None) > --- UTILITY (2) ------ Large Storage Unit X0-1V1's Piety Tracker > --- WEAPON (2) ------- Battle Cannon Battle Cannon > --- INVENTORY (15) --- Subdweller Power Source Wheel Compact Wheel Subdweller Monowheel Subdweller Monowheel Huge Storage Unit Medium Laser Medium Laser Subdweller Beam Cannon Battle Rifle Battle Rifle Subdweller Machine Gun Subdweller Machine Gun Light Cannon Light Cannon Peak State ------------ > --- POWER ------------ (None) > --- PROPULSION ------- Light Treads Light Treads > --- UTILITY ---------- Large Storage Unit X0-1V1's Piety Tracker > --- WEAPON ----------- Battle Cannon Battle Cannon > --- INVENTORY -------- Subdweller Power Source Wheel Compact Wheel Subdweller Monowheel Subdweller Monowheel Huge Storage Unit Medium Laser Medium Laser Subdweller Beam Cannon Battle Rifle Battle Rifle Subdweller Machine Gun Subdweller Machine Gun Light Cannon Light Cannon [Rating: 22] Favorites ----------- Power Light Ion Engine Engine Light Ion Engine Propulsion Light Treads Treads Light Treads Utility Large Storage Unit Device X0-1V1's Piety Tracker Storage Large Storage Unit Hackware Hacking Suite Protection Light Armor Plating Weapon EM Pulse Gun Energy Gun EM Pulse Gun Ballistic Cannon Battle Cannon Build | -11 -10 -10 ------- Run | Yrd Mat Sub Slots Evolved . | . . . Power . | . . . Propulsion . | . . . Utility . | . . . Weapon . | . . . Parts Attached 19 | 4 10 5 Power 2 | 1 . 1 Engine 2 | 1 . 1 Core . | . . . Reactor . | . . . Propulsion 3 | 2 . 1 Treads 3 | 2 . 1 Leg . | . . . Wheel . | . . . Hover . | . . . Flight . | . . . Utility 6 | 1 4 1 Device 2 | . 1 1 Storage 2 | 1 1 . Processor . | . . . Hackware 1 | . 1 . Protection 1 | . 1 . Artifact . | . . . Weapon 8 | . 6 2 Energy Gun 4 | . 4 . Energy Cannon . | . . . Ballistic Gun . | . . . Ballistic Cannon 4 | . 2 2 Launcher . | . . . Special Weapon . | . . . Impact Weapon . | . . . Slashing Weapon . | . . . Piercing Weapon . | . . . Special Melee Weapon . | . . . Unidentified Prototypes 1 | . 1 . Parts Lost 5 | . . 5 Power 1 | . . 1 Propulsion 3 | . . 3 Utility 1 | . . 1 Weapon . | . . . Highest Loss Streak 2 | . . 2 To Critical Strikes . | . . . Average Backups 10 | 5 9 14 Power . | 1 1 . Propulsion 3 | 2 3 3 Utility . | . . 1 Weapon 5 | 2 3 8 Tool/Special . | . . . Unused Backups 19 | . 4 15 Power 1 | . . 1 Propulsion 7 | . 2 5 Utility 1 | . . 1 Weapon 10 | . 2 8 Tool/Special . | . . . Average Slot Usage (%) 95 | . 95 96 Engine 13 | . 14 11 Treads 27 | . 28 27 Device 1 | . . 5 Storage 14 | . 14 14 Hackware 1 | . 1 . Protection 7 | . 8 7 Energy Gun 17 | . 27 . Ballistic Cannon 10 | . . 28 Peak Build Rating 22 | 4 20 22 Average Rating 9 | 2 7 13 On Entrance 8 | . 4 20 Avg Prop Armor Cover (%) 32 | 32 . . Naked Turns . | . . . Heaviest Build 34 | 8 30 34 Greatest Support 40 | 3 40 40 Greatest Overweight (x) 2 | 2 . 1 Average Overweight (x) . | 1 . . Largest Inventory Capacity 15 | 8 15 15 Average Capacity 12 | 7 10 15 Most Carried 15 | 8 12 15 Average Carried 10 | 6 9 14 Final Capacity 15 | 8 15 15 Final Carried 15 | 8 12 15 Class Distribution -------------------- 100% | Mutant Dominant Class ---------------- Mutant | -10/Materials Mutant | -10/Subcaves Resources | -11 -10 -10 ----------- Run | Yrd Mat Sub Matter Collected 488 | 221 80 187 Remotely . | . . . Salvage Created 1110 | . 928 182 Parts 59 | . 43 16 Haulers Intercepted 2 | . 2 . Recyclers Shooed . | . . . Parts Field Recycled . | . . . Retrieved Matter . | . . . Parts Self-Destructed 13 | . . 13 Prevented . | . . . Parts Restored . | . . . Kills | -11 -10 -10 ------- Run | Yrd Mat Sub Combat Hostiles Destroyed 21 | . 13 8 Guns 10 | . 10 . Cannons 8 | . . 8 AOE 2 | . 2 . Classes Destroyed 9 | . 7 2 Worker 3 | . 3 . Hauler 2 | . 2 . Recycler 3 | . 3 . Operator 1 | . 1 . Watcher 3 | . 3 . Swarmer 3 | . 3 . Grunt 13 | . 10 3 Sentry 1 | . . 1 Subdweller 4 | . . 4 Best Kill Streak 7 | . 7 3 Combat Bots Only 5 | . 5 3 Max Kills in Single Turn 2 | . 2 1 Gunslinging . | . . . Exploded 2 | . 2 . Melee . | . . . Uniques/NPCs Destroyed . | . . . Combat | -11 -10 -10 -------- Run | Yrd Mat Sub Hostile Shots Fired 100 | . 46 54 Missed 19 | . 8 11 Hits 81 | . 38 43 Projectile 81 | . 38 43 Critical Strikes 1 | . 1 . Damage Taken 1233 | . 474 759 Core 260 | . 84 176 Absorbed by Shields . | . . . Core Remaining (%) 100 | 100 . . Volleys Fired 79 | . 47 32 Largest 2 | . 2 2 Hottest 80 | . 80 66 Shots Fired 158 | . 94 64 Gun 94 | . 94 . Cannon 64 | . . 64 Launcher . | . . . Special . | . . . Kinetic 64 | . . 64 Thermal . | . . . Explosive . | . . . Electromagnetic 94 | . 94 . Robot Hit Streak 14 | . 7 14 Robot Miss Streak 4 | . 4 4 Penetration Max . | . . . Secondary Targets 2 | . 2 . Max Gunslinging Chain 1 | . 1 . Shots Hit Robots 100 | . 54 46 Core Hits 44 | . 32 12 Critical Kills . | . . . Critical Parts Destroyed . | . . . Critical Strikes 3 | . 2 1 Blast 1 | . . 1 Corrupt 2 | . 2 . Melee Attacks . | . . . Impact . | . . . Slashing . | . . . Piercing . | . . . Sneak Attacks . | . . . Combat Hostiles . | . . . Follow-up Attacks . | . . . Damage Inflicted 2199 | . 1200 999 Guns 797 | . 797 . Cannons 999 | . . 999 Explosions 393 | . 393 . Melee . | . . . Ramming 10 | . 10 . Kinetic 999 | . . 999 Thermal 393 | . 393 . Explosive . | . . . Electromagnetic 797 | . 797 . Impact . | . . . Slashing . | . . . Piercing . | . . . Highest Corruption . | . . . Average Corruption . | . . . Corruption Purged . | . . . Corruption Blocked . | . . . Overload Shots . | . . . Overflow Damage 16 | . 16 . Projectiles . | . . . Explosions 16 | . 16 . Melee . | . . . Knockbacks 8 | . . 8 Impact . | . . . Kinetic 8 | . . 8 Secondary . | . . . Self-Inflicted Damage 33 | . 33 . Shots 3 | . 3 . Rammed 2 | . 2 . Targets Rammed 3 | . 3 . Kicked . | . . . Crushed 1 | . 1 . Highest Temperature 291 | . 291 . Average Temperature 82 | . 82 . Received Heat Transfer 519 | . 231 288 Effects 1 | . 1 . Energy Bleed 1 | . 1 . Siege Activations . | . . . Martial Activations . | . . . Shielding Activations . | . . . Robots Disrupted . | . . . Combat Hostiles . | . . . Robots Corrupted 1 | . 1 . Combat Hostiles 1 | . 1 . Parts Fried 4 | . 4 . Impact Corruptions . | . . . Robots Melted . | . . . Combat Hostiles . | . . . Parts Melted . | . . . Heat Transferred 500 | . 500 . Parts Sabotaged . | . . . Parts Stolen . | . . . Parts Stripped . | . . . Power Chain Reactions 6 | . 6 . Alert | -11 -10 -10 ------- Run | Yrd Mat Sub Maximum Alert Level 1 | . 1 . Low Security (%) 96 | 100 96 . Level 1 3 | . 3 . Level 2 . | . . . Level 3 . | . . . Level 4 . | . . . Level 5 . | . . . High Security . | . . . Max Security . | . . . Peak Influence 212 | . 212 . Initial . | . . . Average 99 | . 104 . Influence Increases 572 | . 492 80 Destroy 0b10 Robot/C 340 | . 260 80 Destroy 0b10 Robot/NC 60 | . 60 . Destroy Leader 60 | . 60 . Successful Hack 14 | . 14 . Disable Machine 45 | . 45 . Destroy Structure 23 | . 23 . Lose Combat Pursuer 30 | . 30 . Influence Decreases 548 | . 398 150 Entered New Map 46 | . . 46 Time Decay 482 | . 398 84 Lost Part 20 | . . 20 Squads Dispatched 2 | . 2 . Investigation 2 | . 2 . Extermination . | . . . Reinforcement . | . . . Assault . | . . . Garrison . | . . . Intercept . | . . . Searches Triggered . | . . . Construction Impeded . | . . . Haulers Reinforced . | . . . Active Scanning Responses . | . . . Cargo Convoy Interrupts . | . . . Stealth | -11 -10 -10 --------- Run | Yrd Mat Sub Distress Signals 2 | . 2 . Communications Jammed . | . . . Distress Signals . | . . . Times Spotted 32 | . 21 11 Peak Tracking Total 6 | . 6 5 Tactical Retreats 2 | . 2 . Traps | -11 -10 -10 ------- Run | Yrd Mat Sub Traps Triggered 1 | . 1 . Indirectly . | . . . Trap Hack Attempts . | . . . Triggered . | . . . Disarmed . | . . . Reprogrammed . | . . . Reused . | . . . Traps Extracted . | . . . Installed . | . . . Triggered . | . . . Machines | -11 -10 -10 ---------- Run | Yrd Mat Sub Machines Disabled 3 | . 3 . Max in Single Turn 1 | . 1 . Machines Repaired . | . . . Machines Dismantled . | . . . Machines Sabotaged . | . . . Overloaded Fab Kills . | . . . Hacking | -11 -10 -10 --------- Run | Yrd Mat Sub Machines Accessed 8 | . 8 . Terminals 8 | . 8 . Fabricators . | . . . Repair Stations . | . . . Recycling Units . | . . . Scanalyzers . | . . . Garrison Access . | . . . Total Hacks 26 | . 26 . Successful 8 | . 8 . Failed 18 | . 18 . Catastrophic 2 | . 2 . Database Lockouts . | . . . Manual 20 | . 20 . Terminals 26 | . 26 . Fabricators . | . . . Repair Stations . | . . . Recycling Units . | . . . Scanalyzers . | . . . Garrison Access . | . . . Terminal Hacks 3 | . 3 . Prototype ID Bank 1 | . 1 . Zone Layout 2 | . 2 . Fabricator Hacks . | . . . Repair Station Hacks . | . . . Recycling Unit Hacks . | . . . Scanalyzer . | . . . Garrison Access Hacks . | . . . Unauthorized Hacks 5 | . 5 . Terminals 5 | . 5 . Skim 5 | . 5 . Fabricators . | . . . Repair Stations . | . . . Recycling Units . | . . . Scanalyzers . | . . . Garrison Access . | . . . Data Cores Recovered 1 | . 1 . Used . | . . . Hacking Detections 7 | . 7 . Full Trace Events 1 | . 1 . Feedback Events . | . . . Feedback Blocked . | . . . Robot Schematics Acquired . | . . . Robots Built . | . . . Authchips . | . . . Time . | . . . Total Robot Build Rating . | . . . Part Schematics Acquired . | . . . Parts Built . | . . . Authchips . | . . . Time . | . . . Total Part Build Rating . | . . . Part Studies Acquired . | . . . Parts Repaired . | . . . Time . | . . . Parts Recycled . | . . . Recycled Matter . | . . . Retrieved Matter . | . . . Retrieved Components . | . . . Parts Scanalyzed . | . . . Part Schematics Acquired . | . . . Parts Damaged . | . . . Bothacking | -11 -10 -10 ------------ Run | Yrd Mat Sub Used RIF Installer . | . . . Robots Hacked . | . . . Non-combat . | . . . Combat . | . . . Robot Hacks Applied . | . . . Relay Couplers Released . | . . . Fabnet Peak Effective % . | . . . Robots Rewired . | . . . Allies Hacked . | . . . Hacks Repelled . | . . . Allies | -11 -10 -10 -------- Run | Yrd Mat Sub Total Allies . | . . . Largest Group . | . . . Highest-Rated Group . | . . . Highest-Rated Ally . | . . . Total Orders . | . . . Ally Attacks . | . . . Total Damage . | . . . Kills . | . . . Allies Corrupted . | . . . Allies Melted . | . . . X0-1V1 Amusement Gains 15 | . 15 . Average Entertainment 8 | . 15 8 Bad Acts 5 | . . 5 Intel | -11 -10 -10 ------- Run | Yrd Mat Sub Active Infowar (turns) . | . . . Robot Analysis Total . | . . . Derelict Logs Recovered 1 | . . 1 Drone Launches . | . . . Drone Recoveries . | . . . Exploration | -11 -10 -10 ------------- Run | Yrd Mat Sub Turns Passed 2118 | 65 1305 748 Spaces Moved 1017 | 48 588 381 Core 48 | 48 . . Treads 969 | . 588 381 Legs . | . . . Wheels . | . . . Hover . | . . . Flight . | . . . Fastest Speed 50 | 50 160 160 Average Speed 157 | 107 160 161 Slowest Speed 240 | 150 160 240 Overloaded Moves . | . . . Propulsion Burnouts . | . . . Robots Hopped . | . . . Potential Cave-ins . | . . . Cave-ins Triggered . | . . . Exploration Rate (%) 43 | 3 95 33 Regions Visited 2 Branch Regions 1 Pre-discovered Areas 2 | . 1 1 Known Exits Taken . | . . . Unknown Exits Taken 2 | 1 1 . Scrap Searched 2 | . . 2 Spaces Dug . | . . . Terrain Destroyed 22 | . 21 1 Melee . | . . . Projectile 1 | . . 1 AOE 21 | . 21 . Terrain Rammed . | . . . Walls Destroyed . | . . . Machines Disabled . | . . . Actions | -11 -10 -10 --------- Run | Yrd Mat Sub Total 1374 | 61 859 454 Wait 207 | . 188 19 Move 1015 | 47 587 381 Hop . | . . . Pick Up 34 | 10 14 10 Fast Attach 4 | 2 1 1 Attach 7 | 2 3 2 Detach . | . . . Swap 9 | . 6 3 Drop 16 | . 10 6 Fire 79 | . 47 32 Melee . | . . . Ram . | . . . Kick . | . . . Crush 3 | . 3 . Escape Stasis . | . . . Rewire . | . . . Trap . | . . . Miscellaneous . | . . . Route ------- -11/Scrapyard -10/Materials (discovered 5 exits: [*Mat x3] / [*Min] / [*Sub]) -10/Subcaves (discovered 1 exit: Mat) History --------- Turn | Location | Event 11 | -11/Scrapyard | Discovered new exit (range 16) 66 | -11/Scrapyard | Entered Materials 179 | -10/Materials | Discovered new exit (range 9) 314 | -10/Materials | Build established: Mutant 579 | -10/Materials | Discovered new exit (range 11) 716 | -10/Materials | Discovered new exit (range 11) 994 | -10/Materials | Learned location of Mines (-10) 1046 | -10/Materials | Discovered new exit (range 4) 1120 | -10/Materials | Loaded intel: 2 recycling unit locations 1188 | -10/Materials | Discovered new exit (range 10) 1232 | -10/Materials | Loaded intel: 15 trap records 1274 | -10/Materials | Learned location of 1 exit from Recycling 1359 | -10/Materials | Prayed at D.C.S.S. Altar Unit 1371 | -10/Materials | Entered Subcaves 1372 | -10/Subcaves | Approached by a straggling Scientist 1372 | -10/Subcaves | Identified exit to Materials 1375 | -10/Subcaves | X0-1V1 tapped a No Entrance sign 1455 | -10/Subcaves | Disturbed a concealed Subdweller 1791 | -10/Subcaves | Core integrity fell below 50% 1857 | -10/Subcaves | Learned location of Zion (-7) 1971 | -10/Subcaves | Disturbed a concealed Subdweller 2008 | -10/Subcaves | Core integrity fell below 20% 2080 | -10/Subcaves | X0-1V1 sent hostile G-34 Mercenary (x5) 2119 | -10/Subcaves | Destroyed by G-34 Mercenary with Small Laser Last Messages --------------- 99-E88(c): "We're getting close, I can feel it." 02034_ Dropped EM Pulse Gun. 02034_ Acquired Battle Rifle. 02035_ K8-7J1(z): "She is not going to be happy we haven't found any suitable candidates yet." 02035_ Acquired 12 matter. 02040_ Subatomizers dissect the EM Pulse Gun. 02079_ Acquired X0-1V1's Piety Tracker. 02080_ X0-1V1: "C'mon, do something!" G-34 Mercenary form resolidifies at new position. 02080_ G-34 Mercenary destroyed. 02083_ Lgt. Treads destroyed. 02083_ G-34 Mercenary knocked back. 99-E88(c): "I think it's somewhere east of here" 02086_ Ion Engine fries itself beyond repair. 02098_ G-34 Mercenary destroyed. 02101_ G-34 Mercenary knocked back. 02115_ G-34 Mercenary destroyed. 02117_ Lgt. Treads destroyed. 02119_ X0-1V1 chuckles heartily! Map ----- +----------------------------------------------------+ | ?????????????????????????????????????????????????? | | ?????????????????????????????????????????????????? | | ?????????????????????????????????????????????????? | | ?????????????????????????????????????????????????? | | ??????????????????????????????#######????????????? | | ????????????????????????????##? " " ###?????????? | | ?????????? ??????????????## ? ""##????????? | | ????????? ??????????????# ? "#????????? | | ????????? ??????????????? ?$$ "&"##???????? | | ?????????? #???????????#"??? $#$ " ""#???????? | | ??????????? #??????????#" ????$$$ "#???????? | | ???????????? #?????????# "????? % "#???????? | | ?????????????# #????????#" ?##### "#???????? | | ??????????????# #????????#"" #% % % #???????? | | ???????????????# ???###### % [##""##???????? | | ??????????????## ??## ## "## "####????????? | | ??????????????# ### ######" "###?????????? | | ??????????????# ## ### " ## #???? | | ??????????????# #???? | | ??????????????# *% = #??? | | ??????????????## c %% [%! #??? | | ???????????????### %% ## * ##??? | | ?????????????????#### %gg= ### ## #???? | | ????????????????????### %##?# #?? #???? | | ???????????????????#### !#??# #???#???? | | ??????????????????## % @#?? ##???????? | | ?????????????????## #?# ### #????????? | | ???????????????### ### ###?? #????????? | | ?????????????### ## ##???? #???????? | | ????????????## ##?????? ???????? | | ???????????## ## #???????? ??????? | | ???????????# #### #???? ???????? | | ??????????## ##?### #??????????????? | | ??????????# #???# # ## #?????????????? | | ???????#### #???# ###?# ????????????? | | ???????# #???# #??? ????????????? | | ??????## ####???# | #???? ?????????????? | | ??????# #####?????? ##?????# ?????????????? | | ??????## ##????????? ###?????????????????????? | | ???????# #????????? #???????????????????????? | | ???????# #????????? ???????????????????????? | | ??????## #?????###? ???????????????????????? | | ??????# #????#% ## ???????????????????????? | | ??????# #???# ???????????????????????? | | ??????# ##?# ???????????????????????? | | #????## ## ???????????????????????? | | ####?# ??????????????????????? | | #### ??????????????????????? | | #### #?????????????????????????? | | #### #?????????????????????????? | +----------------------------------------------------+ Best States ------------- Heat Dissipation 25 Energy Generation 10 Energy Capacity 250 Matter Stores 300 Matter Capacity 300 Sight Range 16 Terrain Scan Density 10 Armor Coverage 150 Evasion (%) 50 Recoil Reduction 2 Offensive Hacking 10 Item Schematics ----------------- None Robot Schematics ------------------ None Fabricated ------------ Nothing Repaired ---------- Nothing Studied --------- None Alien Tech Used ----------------- None Achievements -------------- None Challenges ------------ None Game ------ Seed LightningHoverMembrane Manual? 0 Play Time 00:14:32 Cumulative 592.7 hours Start 2026.08.25 @ 18:11:53 End 2026.08.25 @ 18:25:29 Sessions 1 Manual Loads 0 Difficulty Rogue Special Mode None Game No. 322 Rogue 322 Adventurer 0 Explorer 0 Win Type - Total 20 Types 10/1/3/1/1/0/1/1/0/2 Lore% 86 Gallery% 84 Achievement% 75 Wizard Run 0 Options --------- Layout 0 ASCII 0 Keyboard 0 Movement Mouse Keybinds 0 Fullscreen 1 Font 18/SmallcapsGlow Map View 76x50 Zoom Use 0% Tactical HUD 1 Map Filters NONE Filters NONE Steam 1 RUN: 75cf4ae7-42bb-42be-b657-4c048126c1ec